 Dungeon Crawl Stone Soup version 0.19.0-19-g8c6edcc (webtiles) character file.

2055 inmateoo the Transmogrifier (level 9, -5/36 (37) HPs)
             Began as a Felid Transmuter on Nov 13, 2016.
             Was a Believer of Hepliaklqana.
             Slain by a hornet (12 damage)
             ... on level 8 of the Dungeon.
             The game lasted 00:20:16 (10734 turns).

inmateoo the Transmogrifier (Felid Transmuter)     Turns: 10734, Time: 00:20:17

HP:   -5/36 (37)    AC:  6    Str:  9    XL:     9   Next: 5%
MP:   7/17          EV: 14    Int: 15    God:    Hepliaklqana [**....]
Gold: 199           SH:  0    Dex: 16    Spells: 5 memorised, 5 levels left
                                        Lives: 0   Deaths: 2

rFire  x . .     SeeInvis +       - Unarmed
rCold  + + +     Gourm    .     (armour unavailable)
rNeg   . . .     Faith    .     (shield unavailable)
rPois  +         Spirit   .     (helmet unavailable)
rElec  .         Reflect  .     (cloak unavailable)
rCorr  .         Harm     .     (gloves unavailable)
MR     +....                    (boots unavailable)
Stlth  +++++.....               s - amulet of rage
                                (no ring)
                                B - ring of stealth

@: lethally poisoned (-5 -> -7), about to teleport, ice-form, very slightly
contaminated
A: no armour, no weapons or thrown items, stealth, reduced essence, (claws 0),
(fangs 0), see invisible, carnivore 3, (speed 0), (shaggy fur 0), slow
metabolism 1, (sharp paws)
a: End Transformation, Recall Ancestor, Ancestor Identity, Renounce Religion,
Evoke Berserk Rage


You were on level 8 of the Dungeon.
You worshipped Hepliaklqana.
Hepliaklqana was pleased with you.
You were very full.
You were a creature of crystalline ice.
You visited 2 branches of the dungeon, and saw 9 of its levels.
You also visited: Ossuary.

You collected 519 gold pieces.
You spent 320 gold pieces at shops.

Inventory:

Missiles
 a - 146 arrows
Jewellery
 h - an uncursed ring of fire
 s - an amulet of rage (around neck)
 B - a ring of stealth (left front paw)
 C - a cursed amulet of inaccuracy {unknown}
Wands
 y - a wand of flame (25/48)
 A - a wand of heal wounds (4/9)
Scrolls
 d - 2 scrolls of teleportation
 f - a scroll of magic mapping
 g - 6 scrolls of remove curse
 m - a scroll of holy word
 q - 2 scrolls of amnesia
 u - a scroll of recharging
Potions
 e - 5 potions of lignification
 i - 6 potions of curing
 j - 3 potions of resistance
 k - a potion of berserk rage
 n - 2 potions of cure mutation
 o - 6 potions of heal wounds
 p - 4 potions of ambrosia {unknown}
 v - a potion of flight
 w - a potion of magic {unknown}
 x - 2 potions of haste {unknown}
 z - a potion of might
 D - a potion of agility
Books
 b - a book of Changes

   Spells                             Type                      Level
   a - Beastly Appendage              Transmutation                1
   b - Sticks to Snakes               Transmutation                2
   c - Spider Form                    Transmutation/Poison         3
   d - Ice Form                       Ice/Transmutation            4
   e - Blade Hands                    Transmutation                5
 l - a book of Necromancy

   Spells                             Type                      Level
   a - Pain                           Necromancy                   1
   b - Animate Skeleton               Necromancy                   1
   c - Vampiric Draining              Necromancy                   3
   d - Regeneration                   Charms/Necromancy            3
   e - Animate Dead                   Necromancy                   4
   f - Control Undead                 Necromancy                   4
 r - a book of Minor Magic

   Spells                             Type                      Level
   a - Magic Dart                     Conjuration                  1
   b - Blink                          Translocation                2
   c - Call Imp                       Summoning                    2
   d - Repel Missiles                 Charms/Air                   2
   e - Slow                           Hexes                        2
   f - Conjure Flame                  Conjuration/Fire             3
   g - Mephitic Cloud                 Conjuration/Poison/Air       3
Comestibles
 c - 6 meat rations
 t - a beef jerky
 E - a royal jelly


   Skills:
 - Level 1.0 Fighting
 + Level 6.1 Dodging
 + Level 7.1 Stealth
 + Level 5.8 Unarmed Combat
 + Level 5.3 Spellcasting
 + Level 3.4 Necromancy
 * Level 8.5 Transmutations


You had 5 spell levels left.
You knew the following spells:

 Your Spells              Type           Power        Failure   Level  Hunger
a - Beastly Appendage     Tmut           ####..       1%          1    None
b - Sticks to Snakes      Tmut           ####....     1%          2    ##.....
c - Spider Form           Tmut/Pois      ###.......   10%         3    ###....
d - Ice Form              Ice/Tmut       ###.....     28%         4    ####...
e - Regeneration          Chrm/Necr      #.........   24%         3    ###....


Dungeon Overview and Level Annotations

Branches:
Dungeon (8/15)             Temple (1/1) D:4
   Lair: D:8-11

Altars:
Ashenzari
Cheibriados
Gozag
Hepliaklqana
Kikubaaqudgha
Makhleb
Nemelex Xobeh
Okawaru
Ru
Sif Muna
Trog
Uskayaw
Xom
Yredelemnul
Zin

Shops:
D:7 !


Innate Abilities, Weirdness & Mutations

You cannot wear armour.
You are incapable of wielding weapons or throwing items.
Your paws allow you to move quietly. (Stealth)
((You have sharp claws.))
((You have razor-sharp teeth.))
You have supernaturally acute eyesight. (SInv)
You are carnivorous and can eat meat at any time.
((You cover ground quickly.))
((You are covered in thick fur. (AC +2)))
You have a slow metabolism.
((Your sharp claws are effective at attacking unaware monsters.))
Your life essence is reduced. (-10% HP)


Message History

The stone closely misses the killer bee.
The stone hits you but does no damage.
Nefertari hits the killer bee with a dagger of draining.
The killer bee barely misses you.
As you read the scroll of teleportation, it crumbles to dust.
You feel strangely unstable.
The killer bee stings you but does no damage.
The killer bee stings you.
* * * LOW HITPOINT WARNING * * *
The hornet stings you.
* * * LOW HITPOINT WARNING * * *
The kobold shoots a poisoned needle.
The poisoned needle closely misses Nefertari.
The poisoned needle barely misses the big kobold.
The poisoned needle barely misses you.
The killer bee stings you but does no damage.
The killer bee closely misses you. The big kobold closely misses you.
Nefertari barely misses the killer bee.
The killer bee misses you. The hornet stings you!
You die...

....+......##..##.P..#.
.....##.....##!!#..%....
.......K..KK######..%...
............(...........
........K..(..........#.
........K....#...##.....
......yyR....#..........
......yyK....#..........
......yYy....#.........#
.............#..........
.............#.......##.
......>......#..........
........................
........................
........................
........................
....%..............


You could see the friendly Nefertari the hexer, a hornet, a big kobold, 5 killer
bees and 5 kobolds.

Vanquished Creatures
  Prince Ribbit (D:6)
  Duvessa (D:7)
  A sky beast (D:7)
  A hornet zombie (D:6)
  An orc warrior (D:7)
  3 ogres
  An eye of draining (D:8)
  2 necrophages
  2 centaurs
  A big kobold (D:8)
  A bullfrog (D:7)
  Dowan (D:7)
  A scorpion (D:4)
  2 howler monkeys (D:7)
  A crimson imp (D:7)
  A human zombie (Ossuary)
  A centaur skeleton (D:4)
  2 jellies
  2 orc wizards
  2 orc priests
  2 bullfrog skeletons
  An iguana (D:4)
  A worker ant (D:4)
  3 big kobold zombies (Ossuary)
  A hound zombie (D:5)
  A mummy (Ossuary)
  4 gnolls
  5 adders
  A shadow imp (D:6)
  2 oozes (D:1)
  An adder skeleton (D:4)
  2 adder zombies (Ossuary)
  3 worms
  A dart slug (D:1)
  4 leopard geckos
  8 orcs
  4 ball pythons
  6 giant cockroaches
  22 goblins
  8 hobgoblins
  4 jackals
  5 kobolds
  4 quokkas
  8 bats
  7 frilled lizards
  A gnoll zombie (Ossuary)
  A hobgoblin zombie (Ossuary)
  A jackal zombie (Ossuary)
  A leopard gecko skeleton (D:4)
  8 rats
148 creatures vanquished.

Vanquished Creatures (collateral kills)
  Menkaure (D:5)
  Edmund (D:6)
  An orc warrior (D:6)
  A phantom (D:8)
  An elf zombie (Ossuary)
  A centaur zombie (D:5)
  A jelly (D:5)
  2 orc wizards
  An iguana (D:5)
  3 mummies (Ossuary)
  Robin (D:2)
  A gnoll (D:7)
  2 adder zombies (Ossuary)
  A leopard gecko (D:1)
  4 orcs
  A jackal (D:4)
  A kobold (D:1)
24 creatures vanquished.

Vanquished Creatures (others)
  A wizard (D:3)
  An ancestor (D:7)
2 creatures vanquished.

Grand Total: 174 creatures vanquished

Notes
Turn   | Place    | Note
-------+----------+-------------------------------------------
     0 | D:1      | inmateoo the Felid Transmuter began the quest for the Orb.
     0 | D:1      | Reached XP level 1. HP: 9/9 MP: 4/4
   277 | D:1      | Reached skill level 1 in Stealth
   277 | D:1      | Reached XP level 2. HP: 4/12 MP: 4/6
   298 | D:1      | Learned a level 2 spell: Sticks to Snakes
   962 | D:1      | Reached XP level 3. HP: 4/15 MP: 7/7
  1427 | D:1      | Reached skill level 3 in Transmutations
  2430 | D:2      | Learned a level 3 spell: Spider Form
  2532 | D:2      | Noticed Robin
  2545 | D:2      | Reached XP level 4. HP: 13/19 MP: 4/9
  2860 | D:2      | Killed Robin
  3503 | D:3      | Reached skill level 4 in Transmutations
  3590 | D:3      | Reached XP level 5. HP: 14/22 MP: 8/10
  3822 | D:3      | Found a bloodstained altar of Trog.
  3823 | D:3      | Noticed a wizard
  3830 | D:3      | Killed a wizard
  4130 | D:4      | Found a sand-covered staircase.
  4298 | Ossuary  | Entered an ossuary
  4812 | Ossuary  | Gained mutation: You are covered in thick fur. (AC +2) [Felid growth]
  4812 | Ossuary  | Reached XP level 6. HP: 18/25 MP: 6/11
  5145 | Ossuary  | Reached skill level 5 in Transmutations
  5283 | D:4      | Gained mutation: You are agile. (Dex +2) [potion of mutation]
  5283 | D:4      | Lost mutation: You are agile. (Dex +2) [potion of mutation]
  5325 | D:4      | Found a hide-covered altar of Uskayaw.
  5336 | D:4      | Found a shattered altar of Ashenzari.
  5478 | D:4      | Found a staircase to the Ecumenical Temple.
  5488 | Temple   | Entered the Ecumenical Temple
  5515 | Temple   | Became a worshipper of Hepliaklqana the Forgotten
  5739 | D:4      | Reached XP level 7. HP: 15/25 MP: 13/13
  5913 | D:4      | Learned a level 4 spell: Ice Form
  5917 | D:4      | Learned a level 3 spell: Regeneration
  6172 | D:5      | Entered Level 5 of the Dungeon
  6267 | D:5      | Slain by an ogre
  6268 | D:5      | Reached XP level 6. HP: -2/22 MP: 10/12
  6459 | D:5      | Noticed Menkaure
  6467 | D:6      | Noticed Edmund
  6494 | D:6      | Killed Edmund
  6494 | D:6      | Reached skill level 6 in Transmutations
  6605 | D:6      | Noticed an angel
  6606 | D:6      | Found a shimmering altar of Xom.
  6606 | D:6      | Found a glowing silver altar of Zin.
  6621 | D:6      | Noticed an orc warrior
  6892 | D:6      | Reached skill level 1 in Necromancy
  7148 | D:5      | Reached XP level 7. HP: 25/25 MP: 13/13
  7244 | D:5      | Reached * piety under Hepliaklqana
  7245 | D:5      | Reached skill level 5 in Stealth
  7380 | D:5      | Killed Menkaure
  7478 | D:5      | Found a basalt altar of Yredelemnul.
  8368 | D:6      | Slain by a centaur
  8369 | D:6      | Reached XP level 6. HP: -1/22 MP: 13/13
  8521 | D:6      | Noticed Prince Ribbit
  8553 | D:6      | Killed Prince Ribbit
  8553 | D:6      | Reached skill level 5 in Unarmed Combat
  8553 | D:6      | Reached skill level 7 in Transmutations
  8553 | D:6      | Reached XP level 7. HP: 21/25 MP: 14/14
  8608 | D:6      | HP: 1/30 [hornet zombie (4)]
  8912 | D:7      | Reached skill level 5 in Dodging
  8978 | D:7      | Found Amunuleufu's Distillery.
  8986 | D:7      | Bought a potion of curing for 30 gold pieces
  8986 | D:7      | Bought a potion of flight for 30 gold pieces
  8986 | D:7      | Bought a potion of heal wounds for 50 gold pieces
  8986 | D:7      | Bought a potion of heal wounds for 50 gold pieces
  8986 | D:7      | Bought a potion of might for 40 gold pieces
  8986 | D:7      | Bought a potion of lignification for 30 gold pieces
  8986 | D:7      | Bought a potion of curing for 30 gold pieces
  8986 | D:7      | Bought a potion of curing for 30 gold pieces
  8986 | D:7      | Bought a potion of curing for 30 gold pieces
  9030 | D:7      | Reached XP level 8. HP: 28/28 MP: 15/15
  9036 | D:7      | Noticed Duvessa
  9042 | D:7      | Noticed Dowan
  9046 | D:7      | Killed Duvessa
  9055 | D:7      | Killed Dowan
  9617 | D:7      | Reached skill level 8 in Transmutations
  9812 | D:7      | Reached skill level 5 in Spellcasting
 10501 | D:8      | Reached ** piety under Hepliaklqana
 10502 | D:8      | Remembered your ancestor Nefertari as a hexer
 10680 | D:8      | Reached XP level 9. HP: 30/30 MP: 8/17
 10734 | D:8      | Slain by a hornet

Skill      XL: |  1  2  3  4  5  6  7  8 |
---------------+-------------------------+-----
Stealth        | 1 2 4 6 7 |  7.1
Transmutations | 3 4 7 8 |  8.5
Spellcasting   | 3 4 5 |  5.3
Unarmed Combat | 5 |  5.8
Dodging        | 4 5 6 |  6.1
Necromancy     | 2 3 |  3.4
Fighting       | |  1.0

Action                   |  1- 3 |  4- 6 |  7- 9 || total
-------------------------+-------+-------+-------++-------
Melee: Unarmed           |   125 |   244 |   175 ||   544
       Bite              |    12 |    17 |     7 ||    36
       Headbutt          |     4 |    11 |     4 ||    19
       Punch             |     2 |     2 |     1 ||     5
 Cast: Beastly Appendage |     7 |    13 |     5 ||    25
       Sticks to Snakes  |     7 |    20 |     4 ||    31
       Spider Form       |     1 |    10 |     5 ||    16
       Ice Form          |       |       |     5 ||     5
       Regeneration      |       |       |     2 ||     2
Invok: Recall Ancestor   |       |     1 |     6 ||     7
       Ancestor Life: He |       |       |     1 ||     1
  Use: Scroll            |     4 |    15 |     3 ||    22
       Potion            |     1 |     1 |     2 ||     4
 Stab: Sleeping          |     8 |     9 |    11 ||    28
       Distracted        |     1 |     1 |     1 ||     3
  Eat: Chunk             |    11 |    13 |    15 ||    39
Armor: Skin              |    16 |    12 |     9 ||    37
Dodge: Dodged            |   114 |   205 |   126 ||   445
